General information
- name: BNet
- type: Ladder team game (AT/RT)
- host: Battle.net
- saver: StaIin
map: Friends
- players: 8
- length: 66:34
- speed: Fast
- version: 1.26 W3XP
- replay type: Public
» download(388 KB)
Players
team 1 (loser)
TC-Hunter (
purple | 159 APM | 6721 actions | 42:11)
6 Blademaster
1 Wind Walk
3 Critical Strike
1 Mirror Image
1 Bladestorm
6 Shadow Hunter
2 Serpent Ward
2 Healing Wave
1 Hex
1 Big Bad Voodoo
» actions
| Assign group hotkey | 49 | |
| Basic commands | 4 | |
| Build / train | 185 | |
| Enter build submenu | 18 | |
| Enter hero's abilities submenu | 12 | |
| Give item / drop item | 3 | |
| Remove unit from queue | 2 | |
| Right click | 2207 | |
| Select / deselect | 590 | |
| Select group hotkey | 3490 | |
| Use ability | 159 | |
6721 total
» units
| Peon | 13 | |
| Wind Rider | 18 | |
| Goblin Shredder | 1 | |
| Goblin Zeppelin | 5 | |
| Shaman | 9 | |
| Troll Batrider | 42 | |
| Troll Witch Doctor | 4 | |
92 total
» upgrades
| Ranged Weapons | 3 | |
| Armor | 3 | |
| Envenomed Spears | 1 | |
| Shaman Training | 2 | |
| Witch Doctor Training | 2 | |
| Ensnare | 1 | |
12 total
» buildings
| Altar of Storms | 1 | |
| Orc Burrow | 6 | |
| War Mill | 1 | |
| Voodoo Lounge | 1 | |
| Stronghold | 3 | |
| Beastiary | 2 | |
| Fortress | 3 | |
| Spirit Lodge | 1 | |
| Great Hall | 4 | |
22 total
» build order
00:06 Altar of Storms
00:19 Orc Burrow
00:37 War Mill
01:42 Voodoo Lounge
02:21 Stronghold
02:21 Stronghold
02:29 Orc Burrow
04:43 Beastiary
04:47 Beastiary
05:06 Fortress
05:06 Fortress
05:59 Orc Burrow
06:01 Orc Burrow
10:26 Spirit Lodge
11:04 Orc Burrow
14:25 Orc Burrow
17:51 Great Hall
22:53 Great Hall
31:26 Great Hall
38:55 Great Hall
» items
| Healing Salve | 3 | |
| Lesser Clarity Potion | 18 | |
| Scroll of Speed | 2 | |
| Scroll of Town Portal | 3 | |
| Orb of Lightning | 2 | |
28 total
skyz (
green | 43 APM | 1802 actions | 41:35)
7 Death Knight
3 Death Coil
3 Unholy Aura
1 Animate Dead
» actions
| Assign group hotkey | 36 | |
| Basic commands | 64 | |
| Build / train | 106 | |
| Enter build submenu | 38 | |
| Enter hero's abilities submenu | 7 | |
| Remove unit from queue | 1 | |
| Right click | 566 | |
| Select / deselect | 423 | |
| Select group hotkey | 485 | |
| Use ability | 76 | |
1802 total
» units
| Acolyte | 11 | |
| Ghoul | 8 | |
| Crypt Fiend | 8 | |
| Goblin Zeppelin | 1 | |
| Frost Wyrm | 12 | |
| Gargoyle | 28 | |
68 total
» upgrades
| Web | 1 | |
| Creature Carapace | 3 | |
| Creature Attack | 3 | |
| Freezing Breath | 1 | |
| Backpack | 1 | |
9 total
» buildings
| Crypt | 3 | |
| Ziggurat | 20 | |
| Graveyard | 1 | |
| Necropolis | 2 | |
| Altar of Darkness | 1 | |
| Tomb of Relics | 3 | |
| Nerubian Tower | 1 | |
| Halls of the Dead | 1 | |
| Spirit Tower | 10 | |
| Sacrificial Pit | 1 | |
| Black Citadel | 1 | |
| Boneyard | 2 | |
46 total
» build order
00:34 Crypt
00:42 Ziggurat
01:02 Graveyard
01:33 Ziggurat
02:01 Necropolis
02:57 Altar of Darkness
03:02 Ziggurat
03:27 Tomb of Relics
03:31 Ziggurat
03:41 Ziggurat
04:02 Nerubian Tower
04:56 Halls of the Dead
05:41 Spirit Tower
08:26 Ziggurat
09:14 Ziggurat
10:23 Tomb of Relics
10:39 Ziggurat
11:07 Sacrificial Pit
11:38 Black Citadel
15:45 Necropolis
17:24 Boneyard
17:28 Boneyard
17:32 Ziggurat
17:34 Ziggurat
18:11 Ziggurat
19:06 Spirit Tower
19:17 Tomb of Relics
19:21 Ziggurat
19:41 Ziggurat
22:58 Ziggurat
23:20 Ziggurat
23:33 Ziggurat
26:56 Spirit Tower
26:57 Spirit Tower
27:13 Spirit Tower
27:15 Spirit Tower
27:26 Spirit Tower
30:22 Ziggurat
30:25 Ziggurat
30:29 Ziggurat
32:57 Crypt
33:10 Crypt
35:11 Spirit Tower
35:12 Spirit Tower
37:46 Ziggurat
39:33 Spirit Tower
» items
| Scroll of Town Portal | 4 | |
| Orb of Corruption | 1 | |
| Potion of Healing | 2 | |
7 total
DealWitIt (
yellow | 44 APM | 2961 actions | 66:33)
7 Blademaster
3 Wind Walk
3 Critical Strike
1 Bladestorm
» actions
| Assign group hotkey | 174 | |
| Basic commands | 307 | |
| Build / train | 118 | |
| Enter build submenu | 73 | |
| Enter hero's abilities submenu | 11 | |
| Give item / drop item | 7 | |
| Remove unit from queue | 3 | |
| Right click | 1075 | |
| Select / deselect | 563 | |
| Select group hotkey | 453 | |
| Use ability | 177 | |
2961 total
» units
| Peon | 57 | |
| Grunt | 7 | |
| Wind Rider | 12 | |
| Goblin Shredder | 1 | |
| Goblin Zeppelin | 2 | |
79 total
» upgrades
| Armor | 3 | |
| Berserker Strength | 1 | |
| Ranged Weapons | 3 | |
| Reinforced Defenses | 1 | |
| Spiked Barricades | 3 | |
| Envenomed Spears | 1 | |
| Pillage | 1 | |
13 total
» buildings
| Orc Burrow | 8 | |
| Altar of Storms | 1 | |
| Barracks | 1 | |
| Voodoo Lounge | 1 | |
| War Mill | 5 | |
| Stronghold | 1 | |
| Watch Tower | 67 | |
| Beastiary | 8 | |
| Great Hall | 9 | |
| Fortress | 1 | |
102 total
» build order
01:19 Orc Burrow
01:24 Altar of Storms
01:24 Barracks
01:45 Orc Burrow
02:20 Voodoo Lounge
03:19 War Mill
04:27 Stronghold
04:30 Orc Burrow
04:33 Watch Tower
06:06 Orc Burrow
06:40 Watch Tower
06:41 Watch Tower
06:43 Watch Tower
06:46 Watch Tower
06:47 Watch Tower
08:22 Beastiary
08:23 Beastiary
08:23 Beastiary
08:42 Watch Tower
08:43 Watch Tower
08:45 Watch Tower
10:36 Watch Tower
11:42 War Mill
13:16 Great Hall
14:46 Fortress
15:08 Watch Tower
15:09 Watch Tower
15:10 Watch Tower
15:11 Watch Tower
15:11 Watch Tower
15:13 Watch Tower
15:13 Watch Tower
15:14 Watch Tower
15:15 Watch Tower
16:03 Great Hall
16:25 Watch Tower
16:26 Watch Tower
16:28 Watch Tower
16:28 Watch Tower
16:28 Watch Tower
16:38 Watch Tower
16:39 Watch Tower
16:39 Watch Tower
16:40 Watch Tower
16:41 Watch Tower
16:43 Watch Tower
16:43 Watch Tower
16:44 Watch Tower
16:46 Watch Tower
16:46 Watch Tower
16:48 Watch Tower
16:50 Watch Tower
16:50 Watch Tower
17:49 Watch Tower
17:49 Watch Tower
17:52 Watch Tower
17:52 Watch Tower
17:52 Watch Tower
17:53 Watch Tower
17:53 Watch Tower
21:35 Watch Tower
21:43 Orc Burrow
23:20 Watch Tower
23:20 Watch Tower
23:21 Watch Tower
23:22 Watch Tower
23:24 Watch Tower
23:24 Watch Tower
23:24 Watch Tower
23:25 Watch Tower
23:25 Watch Tower
23:42 Watch Tower
23:42 Watch Tower
23:43 Watch Tower
23:43 Watch Tower
23:44 Watch Tower
23:45 Watch Tower
23:45 Watch Tower
23:46 Watch Tower
23:46 Watch Tower
23:46 Watch Tower
24:55 Beastiary
24:56 Beastiary
24:58 Beastiary
24:59 Beastiary
25:03 Beastiary
25:21 War Mill
25:41 War Mill
25:45 War Mill
30:14 Great Hall
31:01 Great Hall
31:17 Orc Burrow
31:19 Orc Burrow
31:21 Orc Burrow
43:40 Great Hall
44:58 Great Hall
46:22 Great Hall
51:46 Great Hall
53:50 Great Hall
» items
| Healing Salve | 3 | |
| Lesser Clarity Potion | 1 | |
| Orb of Lightning | 1 | |
| Potion of Divinity | 1 | |
| Alleria's Flute of Accuracy | 1 | |
| Ankh of Reincarnation | 1 | |
| Boots of Quel'Thalas +6 | 1 | |
| Robe of the Magi +6 | 1 | |
| Belt of Giant Strength +6 | 3 | |
13 total

»
Curren5y (
orange | 31 APM | 2035 actions | 66:33)
5 Death Knight
2 Death Coil
2 Unholy Aura
1 Death Pact
6 Crypt Lord
1 Impale
3 Carrion Beetles
1 Spiked Carapace
1 Locust Swarm
» actions
| Basic commands | 5 | |
| Build / train | 125 | |
| Enter build submenu | 18 | |
| Enter hero's abilities submenu | 11 | |
| Give item / drop item | 3 | |
| Remove unit from queue | 7 | |
| Right click | 1118 | |
| Select / deselect | 678 | |
| Use ability | 70 | |
2035 total
» units
| Acolyte | 4 | |
| Ghoul | 4 | |
| Crypt Fiend | 9 | |
| Frost Wyrm | 17 | |
| Forest Troll Shadow Priest | 1 | |
| Gargoyle | 26 | |
61 total
» upgrades
| Web | 1 | |
| Creature Carapace | 3 | |
| Creature Attack | 2 | |
| Freezing Breath | 1 | |
7 total
» buildings
| Altar of Darkness | 2 | |
| Ziggurat | 10 | |
| Crypt | 2 | |
| Graveyard | 1 | |
| Nerubian Tower | 4 | |
| Spirit Tower | 6 | |
| Halls of the Dead | 1 | |
| Black Citadel | 2 | |
| Sacrificial Pit | 1 | |
| Boneyard | 2 | |
31 total
» build order
00:11 Altar of Darkness
00:17 Altar of Darkness
00:21 Ziggurat
00:34 Crypt
01:21 Graveyard
01:34 Nerubian Tower
01:54 Ziggurat
02:37 Ziggurat
02:53 Spirit Tower
03:12 Ziggurat
03:33 Nerubian Tower
03:33 Spirit Tower
03:54 Ziggurat
04:32 Spirit Tower
05:01 Halls of the Dead
05:10 Nerubian Tower
05:10 Nerubian Tower
07:45 Black Citadel
07:45 Black Citadel
07:48 Sacrificial Pit
08:28 Ziggurat
10:10 Boneyard
10:11 Boneyard
10:28 Ziggurat
10:30 Spirit Tower
17:25 Spirit Tower
17:37 Ziggurat
18:52 Ziggurat
21:07 Ziggurat
25:44 Crypt
» items
| Rod of Necromancy | 3 | |
| Potion of Healing | 8 | |
| Ankh of Reincarnation | 1 | |
| Scroll of Town Portal | 3 | |
| Belt of Giant Strength +6 | 1 | |
| Orb of Lightning | 3 | |
19 total
team 2 (winner)
Z3NSPIRIT.IV (
blue | 27 APM | 1303 actions | 47:33)
5 Pandaren Brewmaster
3 Drunken Haze
2 Drunken Brawler
» actions
| Assign group hotkey | 17 | |
| Build / train | 79 | |
| Enter build submenu | 27 | |
| Enter hero's abilities submenu | 8 | |
| Remove unit from queue | 3 | |
| Right click | 582 | |
| Select / deselect | 421 | |
| Select group hotkey | 53 | |
| Use ability | 95 | |
1303 total
» units
| Wisp | 19 | |
| Archer | 17 | |
| Druid of the Talon | 7 | |
| Dryad | 2 | |
| Druid of the Claw | 11 | |
56 total
» upgrades
| Druid of the Talon Training | 2 | |
| Strength of the Wild | 3 | |
| Reinforced Hides | 2 | |
| Druid of the Claw Training | 2 | |
| Mark of the Claw | 1 | |
10 total
» buildings
| Ancient of War | 1 | |
| Moon Well | 8 | |
| Altar of Elders | 1 | |
| Tree of Ages | 1 | |
| Hunter's Hall | 1 | |
| Ancient of Lore | 3 | |
| Ancient of Wind | 1 | |
| Tree of Eternity | 1 | |
| Tree of Life | 6 | |
23 total
» build order
00:23 Ancient of War
00:41 Moon Well
00:51 Altar of Elders
01:53 Moon Well
02:38 Moon Well
04:18 Moon Well
05:04 Tree of Ages
07:36 Hunter's Hall
08:42 Moon Well
08:49 Ancient of Lore
08:51 Ancient of Lore
08:53 Ancient of Wind
08:58 Ancient of Lore
11:31 Tree of Eternity
16:18 Moon Well
18:03 Moon Well
26:06 Tree of Life
26:35 Tree of Life
26:51 Tree of Life
29:24 Moon Well
32:50 Tree of Life
37:57 Tree of Life
42:13 Tree of Life
» items
wc2012 (
red | 36 APM | 800 actions | 22:21)
3 Death Knight
2 Death Coil
1 Unholy Aura
2 Lich
1 Frost Armor
1 Frost Nova
2 Pit Lord
1 Howl of Terror
1 Cleaving Attack
» actions
| Assign group hotkey | 14 | |
| Basic commands | 11 | |
| Build / train | 54 | |
| Enter build submenu | 10 | |
| Enter hero's abilities submenu | 7 | |
| Remove unit from queue | 2 | |
| Right click | 409 | |
| Select / deselect | 109 | |
| Select group hotkey | 148 | |
| Use ability | 35 | |
800 total
» units
| Acolyte | 4 | |
| Ghoul | 3 | |
| Crypt Fiend | 9 | |
| Frost Wyrm | 3 | |
19 total
» upgrades
| Creature Carapace | 3 | |
| Creature Attack | 3 | |
| Web | 1 | |
| Freezing Breath | 1 | |
8 total
» buildings
| Graveyard | 1 | |
| Crypt | 1 | |
| Ziggurat | 8 | |
| Altar of Darkness | 1 | |
| Tomb of Relics | 1 | |
| Nerubian Tower | 2 | |
| Spirit Tower | 2 | |
| Halls of the Dead | 1 | |
| Black Citadel | 1 | |
| Sacrificial Pit | 1 | |
| Boneyard | 1 | |
20 total
» build order
00:29 Graveyard
00:32 Crypt
00:45 Ziggurat
01:05 Altar of Darkness
01:21 Ziggurat
01:41 Tomb of Relics
03:48 Nerubian Tower
03:49 Spirit Tower
06:06 Ziggurat
06:06 Ziggurat
06:07 Ziggurat
06:10 Halls of the Dead
08:34 Nerubian Tower
11:01 Black Citadel
11:33 Sacrificial Pit
11:36 Spirit Tower
13:29 Boneyard
15:43 Ziggurat
15:43 Ziggurat
15:44 Ziggurat
» items
| Dust of Appearance | 1 | |
| Rod of Necromancy | 1 | |
| Scroll of Town Portal | 3 | |
| Potion of Healing | 2 | |
| Ankh of Reincarnation | 1 | |
| Healing Wards | 1 | |
9 total
StaIin (
teal | 80 APM | 5322 actions | 66:34)
10 Mountain King
3 Storm Bolt
3 Bash
1 Avatar
3 Thunder Clap
» actions
| Assign group hotkey | 46 | |
| Basic commands | 146 | |
| Build / train | 145 | |
| ESC pressed | 3 | |
| Enter build submenu | 63 | |
| Enter hero's abilities submenu | 11 | |
| Give item / drop item | 8 | |
| Remove unit from queue | 2 | |
| Right click | 2368 | |
| Select / deselect | 745 | |
| Select group hotkey | 1566 | |
| Use ability | 219 | |
5322 total
» units
| Peasant | 19 | |
| Footman | 5 | |
| Dragonhawk Rider | 17 | |
| Gryphon Rider | 6 | |
| Goblin Zeppelin | 1 | |
| Goblin Sapper | 1 | |
49 total
» upgrades
| Swords | 3 | |
| Armor | 3 | |
| Animal War Training | 1 | |
| Storm Hammers | 1 | |
| Masonry | 3 | |
| Cloud | 1 | |
| Backpack | 1 | |
| Magic Sentry | 1 | |
| Gunpowder | 3 | |
| Plating | 3 | |
| Sorceress Training | 2 | |
| Priest Training | 2 | |
| Control Magic | 1 | |
| Defend | 1 | |
| Long Rifles | 1 | |
| Lumber Harvesting | 2 | |
| Flak Cannons | 1 | |
| Flying Machine Bombs | 1 | |
| Flare | 1 | |
| Fragmentation Shards | 1 | |
| Barrage | 1 | |
34 total
» buildings
| Altar of Kings | 1 | |
| Farm | 13 | |
| Barracks | 1 | |
| Arcane Vault | 2 | |
| Keep | 2 | |
| Scout Tower | 31 | |
| Arcane Tower | 2 | |
| Blacksmith | 2 | |
| Lumber Mill | 1 | |
| Castle | 2 | |
| Gryphon Aviary | 5 | |
| Guard Tower | 18 | |
| Town Hall | 1 | |
| Arcane Sanctum | 1 | |
| Workshop | 4 | |
86 total
» build order
00:03 Altar of Kings
00:07 Farm
00:47 Barracks
01:18 Arcane Vault
01:29 Farm
01:59 Farm
03:17 Farm
03:42 Keep
04:29 Scout Tower
04:56 Arcane Tower
06:10 Scout Tower
06:47 Blacksmith
06:50 Arcane Tower
06:51 Lumber Mill
07:51 Castle
08:31 Gryphon Aviary
08:38 Gryphon Aviary
08:48 Scout Tower
10:31 Farm
10:43 Farm
11:40 Farm
15:11 Scout Tower
15:12 Scout Tower
15:43 Guard Tower
16:06 Guard Tower
16:11 Town Hall
16:32 Farm
16:37 Gryphon Aviary
17:06 Guard Tower
17:22 Gryphon Aviary
17:25 Farm
17:38 Scout Tower
17:39 Scout Tower
17:51 Scout Tower
17:53 Scout Tower
17:56 Scout Tower
18:31 Guard Tower
18:33 Guard Tower
19:37 Scout Tower
19:38 Scout Tower
19:42 Scout Tower
19:46 Scout Tower
20:42 Guard Tower
20:45 Scout Tower
20:49 Guard Tower
21:01 Guard Tower
21:25 Scout Tower
21:27 Guard Tower
21:29 Scout Tower
21:34 Scout Tower
21:41 Scout Tower
21:45 Scout Tower
22:10 Guard Tower
22:33 Guard Tower
22:34 Scout Tower
22:36 Scout Tower
23:03 Guard Tower
23:05 Scout Tower
23:08 Guard Tower
23:09 Scout Tower
23:51 Guard Tower
24:13 Scout Tower
24:14 Scout Tower
24:26 Scout Tower
24:34 Scout Tower
24:36 Scout Tower
24:43 Scout Tower
24:51 Guard Tower
24:52 Guard Tower
24:57 Guard Tower
25:29 Guard Tower
26:48 Farm
26:54 Arcane Vault
29:30 Arcane Sanctum
35:09 Gryphon Aviary
38:11 Scout Tower
53:14 Keep
54:48 Blacksmith
57:22 Castle
58:20 Workshop
58:23 Workshop
58:26 Workshop
58:30 Workshop
60:02 Farm
61:27 Farm
61:30 Farm
» items
| Scroll of Regeneration | 11 | |
| Scroll of Town Portal | 5 | |
| Lesser Clarity Potion | 1 | |
| Orb of Fire | 1 | |
| Ivory Tower | 1 | |
| Belt of Giant Strength +6 | 4 | |
| Runed Bracers | 1 | |
| Alleria's Flute of Accuracy | 1 | |
25 total
rodwasntafk (
pink | 54 APM | 3594 actions | 66:33)
10 Tauren Chieftain
3 War Stomp
3 Endurance Aura
1 Reincarnation
3 Shockwave
6 Shadow Hunter
2 Hex
3 Healing Wave
1 Big Bad Voodoo
» actions
| Assign group hotkey | 50 | |
| Basic commands | 89 | |
| Build / train | 107 | |
| Enter build submenu | 38 | |
| Enter hero's abilities submenu | 16 | |
| Give item / drop item | 2 | |
| Right click | 1627 | |
| Select / deselect | 446 | |
| Select group hotkey | 979 | |
| Use ability | 240 | |
3594 total
» units
| Peon | 17 | |
| Troll Headhunter/Berserker | 5 | |
| Wind Rider | 17 | |
| Goblin Shredder | 2 | |
| Goblin Zeppelin | 2 | |
| Goblin Sapper | 6 | |
| Shaman | 2 | |
| Demolisher | 5 | |
56 total
» upgrades
| Reinforced Defenses | 1 | |
| Envenomed Spears | 1 | |
| Ranged Weapons | 3 | |
| Armor | 3 | |
| Liquid Fire | 1 | |
| Shaman Training | 2 | |
| Witch Doctor Training | 1 | |
12 total
» buildings
| Orc Burrow | 22 | |
| Altar of Storms | 1 | |
| Barracks | 6 | |
| War Mill | 5 | |
| Voodoo Lounge | 3 | |
| Stronghold | 2 | |
| Watch Tower | 36 | |
| Fortress | 1 | |
| Beastiary | 3 | |
| Spirit Lodge | 2 | |
| Great Hall | 1 | |
82 total
» build order
00:15 Orc Burrow
01:05 Altar of Storms
01:24 Barracks
01:26 Barracks
01:59 Orc Burrow
02:23 War Mill
02:28 Orc Burrow
02:55 Voodoo Lounge
03:03 Orc Burrow
04:15 Stronghold
04:39 Watch Tower
06:08 Watch Tower
06:11 Watch Tower
06:11 Watch Tower
07:13 Fortress
08:04 Orc Burrow
10:23 Beastiary
10:24 Beastiary
10:26 Beastiary
10:30 Orc Burrow
12:16 War Mill
12:49 Orc Burrow
12:49 Orc Burrow
14:23 Voodoo Lounge
14:55 Watch Tower
14:55 Watch Tower
14:55 Watch Tower
14:59 Watch Tower
14:59 Watch Tower
15:00 Watch Tower
16:09 Voodoo Lounge
16:46 Orc Burrow
18:20 Watch Tower
18:20 Watch Tower
18:20 Watch Tower
18:21 Watch Tower
18:21 Watch Tower
18:22 Watch Tower
19:02 Watch Tower
19:02 Watch Tower
19:03 Watch Tower
19:05 Watch Tower
19:06 Watch Tower
20:29 Watch Tower
20:29 Watch Tower
23:06 Watch Tower
23:07 Watch Tower
23:07 Watch Tower
23:09 Watch Tower
23:11 Watch Tower
23:11 Watch Tower
29:20 Watch Tower
29:20 Watch Tower
29:21 Watch Tower
29:22 Watch Tower
29:22 Watch Tower
29:36 Spirit Lodge
29:37 Spirit Lodge
33:11 Orc Burrow
33:12 Orc Burrow
33:12 Orc Burrow
34:28 Great Hall
49:29 Orc Burrow
49:31 Orc Burrow
49:31 Orc Burrow
49:47 Orc Burrow
49:47 Orc Burrow
49:48 Orc Burrow
49:49 Orc Burrow
49:49 Orc Burrow
49:51 Orc Burrow
49:56 Barracks
49:57 Barracks
49:58 Barracks
49:58 Barracks
51:54 War Mill
52:03 War Mill
52:08 War Mill
52:35 Stronghold
» items
| Healing Salve | 4 | |
| Scroll of Town Portal | 7 | |
| Orb of Lightning | 1 | |
| Tiny Great Hall | 2 | |
| Potion of Healing | 1 | |
15 total
Chat log
(00:11 / All) StaIin: DIE FAHNE HOCH
(00:11 / All) StaIin: Wait
(00:14 / All) StaIin: Wrong person
(00:17 / Allies) Z3NSPIRIT.IV: lets rush
(00:21 / Allies) wc2012: k
(00:34 / All) StaIin: THE INDIVIDUAL IS WORTHLESS BEYOND HIS UTILITY TO THE STATE AND PRODUCTION VALUE
(00:39 / All) StaIin: I AM STALIN, OBEY ME UNTO DEATH
(00:43 / All) Z3NSPIRIT.IV: stfu
(00:44 / All) Z3NSPIRIT.IV: thanks
(00:54 / Allies) rodwasntafk: rush there
(00:54 / All) DealWitIt: Stalin = original gansta
(00:57 / Allies) Z3NSPIRIT.IV: k
(01:10 / All) Curren5y: fagtom.com
(01:58 / All) DealWitIt: Don't start nothin' there won't be nothin'
(02:39 / All) StaIin: THE ONLY THING THAT IS NOTHING IS THOSE WHO DO NOT OBEY THE USSR
(02:42 / All) DealWitIt: My dad took my xbox 360 away
(02:47 / All) DealWitIt: for crying over a video game
(02:57 / All) Curren5y: shitty
(02:57 / All) DealWitIt: I figured out Laura T'Soni leaves you for a cripple
(03:33 / Allies) rodwasntafk: my bad rod
(03:37 / Allies) rodwasntafk: i did a horrendous tjob
(03:39 / Allies) StaIin: ?
(03:52 / Allies) Z3NSPIRIT.IV: guys
(03:54 / Allies) Z3NSPIRIT.IV: come to us
(04:18 / All) StaIin: MAY WE ALL SOON BE UNDER THE GLORIOUS MAO ZEONG'S BANNER
(04:20 / All) StaIin: WE MARCH ON
(04:22 / All) StaIin: WE MARCH ON
(04:24 / All) StaIin: MARCH ON
(04:25 / All) StaIin: ON
(04:45 / Allies) Z3NSPIRIT.IV: come teal
(04:53 / Allies) Z3NSPIRIT.IV: from behind
(05:17 / Allies) Z3NSPIRIT.IV: lead teal
(06:25 / Allies) rodwasntafk: hall
(06:26 / Allies) rodwasntafk: no acos
(07:21 / Allies) Z3NSPIRIT.IV: b
(07:21 / Allies) Z3NSPIRIT.IV: b
(07:57 / Allies) rodwasntafk: i was the only one attacking the hall
(08:06 / Allies) Z3NSPIRIT.IV: there units were owning us
(08:07 / Allies) wc2012: need to go back
(08:20 / Allies) rodwasntafk: if we wiped out his hall he was dead
(09:01 / Allies) rodwasntafk: lets get ourselves a hooker rod
(09:07 / All) DealWitIt: I hate creeps on this map
(09:14 / All) DealWitIt: that attack when you run by
(09:17 / Allies) rodwasntafk: TP
(09:53 / Allies) Z3NSPIRIT.IV: red
(09:54 / Allies) Z3NSPIRIT.IV: web?
(10:24 / All) StaIin: Do you fools dislike the mighty Soviet Union and Stalin's grip?
(10:40 / Allies) Z3NSPIRIT.IV: whos getting melee?
(10:47 / Allies) StaIin: The Germans
(10:51 / Allies) Z3NSPIRIT.IV: stfu
(11:03 / Allies) Z3NSPIRIT.IV: ur so annoying
(11:10 / Allies) rodwasntafk: lawl
(11:12 / Allies) StaIin: Do you oppose the mighty Union?
(13:10 / All) DealWitIt: I thougyht I had a resurrection scrool llawl
(13:19 / All) rodwasntafk: scroll of animate
(13:21 / Allies) Z3NSPIRIT.IV: teal
(13:26 / Allies) Z3NSPIRIT.IV: let me get that aura cause im getting melee
(13:36 / All) DealWitIt: I had restoration
(13:41 / Allies) StaIin: Nobody tells the mighty Stalin what to do
(13:52 / Allies) StaIin: You are disloyal to the USSR
(14:02 / Allies) StaIin: Why would I give anything to you?
(15:11 / Allies) rodwasntafk: gold
(15:18 / Allies) rodwasntafk: rod u want this expo
(15:28 / Allies) StaIin: Wtf is this
(15:41 / Allies) StaIin: Even an ogre opposes the mighty Union
(15:49 / Allies) rodwasntafk: raped
(16:02 / Allies) Z3NSPIRIT.IV: they towering like bitches
(16:16 / Allies) wc2012: hit purp from around side
(16:43 / Allies) Z3NSPIRIT.IV: we dont have an army
(16:52 / Allies) Z3NSPIRIT.IV: pink has no units
(16:54 / Allies) Z3NSPIRIT.IV: same with teal
(17:02 / Allies) Z3NSPIRIT.IV: i meant alot
(17:04 / Allies) StaIin: The USSR always has the mightiest units
(17:09 / Allies) Z3NSPIRIT.IV: 9 units isnt shit
(17:17 / Allies) StaIin: It's 8
(17:29 / Allies) rodwasntafk: hit those
(17:30 / Allies) Z3NSPIRIT.IV: ur math is as terrible as ur life
(17:30 / Allies) StaIin: Can the non-Russians not count?
(17:33 / Allies) rodwasntafk: they have top right expos
(17:37 / Allies) wc2012: mass wyren
(17:46 / Allies) wc2012: an towers
(18:22 / Allies) Z3NSPIRIT.IV: WTF PINK
(18:24 / Allies) Z3NSPIRIT.IV: 4 WYREMS
(18:26 / Allies) Z3NSPIRIT.IV: WTF!!
(18:37 / Allies) rodwasntafk: lets hit
(18:39 / Allies) rodwasntafk: they have expos
(18:42 / Allies) Z3NSPIRIT.IV: u can go do that
(18:47 / Allies) Z3NSPIRIT.IV: with ur 4 godlike wvyrens
(18:57 / Allies) StaIin: Yes he can, he is loyal to the mighty Russians
(20:16 / Allies) rodwasntafk: no teal
(20:17 / Allies) rodwasntafk: back
(20:54 / Allies) Z3NSPIRIT.IV: thats game
(20:59 / Allies) rodwasntafk: no its not
(21:00 / Allies) rodwasntafk: dammit
(21:05 / Allies) Z3NSPIRIT.IV: ok 4 wvyrens fuck
(21:15 / Allies) StaIin: Mighty Stalin will guide us all to victory, in peace or in war
(21:17 / Allies) rodwasntafk: tower up rod lawl
(21:19 / Allies) StaIin: You should not be in fear
(21:37 / Allies) Z3NSPIRIT.IV: TELEPORT!
(21:43 / Allies) rodwasntafk: teleport red
(21:58 / Allies) StaIin: Why would the mighty Stalin help a disloyal western abomination?
(22:26 / Allies) Z3NSPIRIT.IV: happy teal?
(22:26 / Allies) rodwasntafk: rod
(22:43 / Allies) Z3NSPIRIT.IV: we couldve won if u were there
(22:45 / Allies) Z3NSPIRIT.IV: dumb bitch
(22:46 / Allies) StaIin: I am Stalin. Non defy me, all abide me
(22:53 / Allies) StaIin: All shall bow before the Steel
(23:03 / Allies) Z3NSPIRIT.IV: knew shouldve left
(23:05 / Allies) Z3NSPIRIT.IV: ur so annoying
(23:24 / Allies) StaIin: It would be a great thing, as the USSR would be in a glorious age without your kind
(23:31 / Allies) Z3NSPIRIT.IV: nigger faggot stfu
(23:40 / All) skyz: weee
(23:46 / All) TC-Hunter: gg
(23:47 / Allies) StaIin: We do not need your ways, your lack of Marxist-Leninism
(23:49 / Allies) rodwasntafk: buy extra tp lets defend my expo
(24:02 / All) Z3NSPIRIT.IV: lol
(24:07 / Allies) StaIin: I do not like bears in my Russian woods. You should know this by now
(24:12 / All) Z3NSPIRIT.IV: knew he was a TK
(24:17 / All) skyz: whop
(24:20 / Allies) StaIin: Already has red attacked me
(24:43 / Allies) rodwasntafk: tp soon rod
(24:51 / Allies) rodwasntafk: lets hit oj
(24:53 / Allies) rodwasntafk: he is alone
(25:30 / Allies) StaIin: One sec
(25:38 / Allies) Z3NSPIRIT.IV: wecouldve won that fight if u were both were there
(25:49 / All) StaIin: The mighty Soviet Leader did not lose one unit in that battle
(26:07 / Allies) Z3NSPIRIT.IV: pink
(26:11 / Allies) Z3NSPIRIT.IV: can i have this expo?
(27:02 / Allies) Z3NSPIRIT.IV: how are u guys gonna get through that?
(27:10 / Allies) Z3NSPIRIT.IV: the bitch has 100 towers
(27:11 / Allies) StaIin: With ease, my western friend
(27:31 / Allies) StaIin: As a cloud can shadow the strongest of Imperial forts
(27:41 / Allies) Z3NSPIRIT.IV: ahh
(28:17 / Allies) rodwasntafk: t[
(28:17 / Allies) rodwasntafk: tp[
(28:33 / Allies) rodwasntafk: we did well
(28:43 / Allies) Z3NSPIRIT.IV: there army is too damn strong
(28:49 / Allies) StaIin: This is a game of attrition, and in this winter we shall always win
(29:00 / Allies) rodwasntafk: just get tons of dhawks
(29:07 / Allies) Z3NSPIRIT.IV: im not done yet
(29:09 / Allies) Z3NSPIRIT.IV: i got 2 expos
(29:12 / Allies) Z3NSPIRIT.IV: kinda
(29:14 / Allies) StaIin: Good, comrade
(29:34 / Allies) Z3NSPIRIT.IV: u guys got spare wod?
(29:37 / Allies) Z3NSPIRIT.IV: i mean gold
(29:48 / Allies) rodwasntafk: lets go
(29:51 / Allies) Z3NSPIRIT.IV: i need to make wells
(29:55 / Allies) Z3NSPIRIT.IV: pink can i get some gold?
(30:13 / Allies) Z3NSPIRIT.IV: FCK!
(30:26 / Allies) Z3NSPIRIT.IV: damnit
(31:34 / All) StaIin: The great Stalin has unlimited resources, unlimited troops. You cannot defeat us. Surrender now and I might let you live
(32:13 / Allies) rodwasntafk: tp whenever
(32:16 / All) StaIin: Very well, then. If this troubles you in the future, it is no concern of mine
(32:32 / Allies) Z3NSPIRIT.IV: pink
(32:34 / Allies) Z3NSPIRIT.IV: can i get 400 gold
(32:39 / Allies) Z3NSPIRIT.IV: so i can make a tree agin?
(32:50 / Allies) StaIin: You can get a great many things with our mighty Communist nation
(32:53 / Allies) Z3NSPIRIT.IV: ty
(33:00 / Allies) rodwasntafk: stay by towers
(33:22 / Allies) Z3NSPIRIT.IV: pink
(33:27 / Allies) Z3NSPIRIT.IV: can u send a wvyren her
(33:32 / Allies) Z3NSPIRIT.IV: to see if its taken
(33:38 / Allies) rodwasntafk: come
(33:39 / Allies) rodwasntafk: rod
(33:47 / Allies) rodwasntafk: Be faster on hawking
(33:52 / Allies) Z3NSPIRIT.IV: hot key
(34:04 / Allies) Z3NSPIRIT.IV: BAM ABM
(34:23 / Allies) Z3NSPIRIT.IV: hawks
(34:24 / Allies) Z3NSPIRIT.IV: hawk
(34:40 / Allies) StaIin: The hawks are fine. They do not see it so
(36:15 / All) StaIin: Yes, unsummon and bid your surrender to our great Soviet Union
(36:19 / Allies) Z3NSPIRIT.IV: damnit
(36:25 / Allies) Z3NSPIRIT.IV: ifu guys can kill this for me
(36:30 / Allies) Z3NSPIRIT.IV: i can help u out
(36:31 / All) StaIin: My enemies shall bow before me, if they do not die.
(36:41 / Allies) Z3NSPIRIT.IV: can u get that for me plz?
(36:59 / All) StaIin: If they do not die, then I will make it so. The bowing, to put their head forth
(37:37 / Allies) Z3NSPIRIT.IV: teal
(37:40 / Allies) Z3NSPIRIT.IV: may i get some gold?
(37:45 / Allies) StaIin: Of course, comrade
(37:45 / Allies) Z3NSPIRIT.IV: 400?
(37:48 / All) TC-Hunter: well we got stupid ass here
(37:49 / Allies) Z3NSPIRIT.IV: ty
(37:59 / All) Z3NSPIRIT.IV: purple
(38:02 / All) Z3NSPIRIT.IV: let me ask u something
(38:13 / All) Z3NSPIRIT.IV: whats the point of those 100 toweers in yellows base?
(38:25 / All) TC-Hunter: hes fucking me up
(38:30 / All) Z3NSPIRIT.IV: how?
(38:31 / All) rodwasntafk: thats our cue
(38:31 / All) rodwasntafk: rod
(38:33 / Allies) StaIin: The spies are upon them, and now we shall win
(38:39 / Allies) Z3NSPIRIT.IV: lmao
(38:40 / All) rodwasntafk: try to
(38:43 / All) rodwasntafk: cackle gargs
(39:22 / All) Z3NSPIRIT.IV: Yellow is Tking?
(39:24 / All) DealWitIt: I met NO resistance lol
(39:27 / All) TC-Hunter: lol
(39:33 / All) Z3NSPIRIT.IV: damn
(39:33 / All) TC-Hunter: hes just a fag
(39:39 / All) Z3NSPIRIT.IV: y did he do that
(39:41 / All) Z3NSPIRIT.IV: u guys couldve won
(39:43 / All) TC-Hunter: have nothing to say
(39:52 / All) skyz: gg
(39:53 / All) StaIin: The Union applies all manners of methods to win. Victory at all costs. Did not I explain it?
(39:54 / All) TC-Hunter: gg
(40:01 / All) TC-Hunter: u guys lucky
(40:01 / All) StaIin: The individual, is worthless beyond their production to the state
(40:06 / All) rodwasntafk: we raped u purple
(40:07 / All) rodwasntafk: lalw
(40:08 / All) DealWitIt: I'm a Soviet double agent
(40:08 / All) StaIin: And he, he is truly an asset
(40:11 / All) TC-Hunter: nah
(40:21 / All) rodwasntafk: we raped u in every battle
(40:33 / Allies) Z3NSPIRIT.IV: teal
(40:35 / Allies) Z3NSPIRIT.IV: may i get another 400?
(40:40 / All) StaIin: More hawks come, to feast on the remains of the fallen enemies
(40:47 / Allies) StaIin: Of course, comrade
(40:48 / Allies) Z3NSPIRIT.IV: here
(40:52 / Allies) Z3NSPIRIT.IV: purple
(40:53 / All) skyz: u know what i dont understand
(41:01 / All) TC-Hunter: yellow i will fuck u up everytime i see your ass
(41:01 / All) DealWitIt: many things
(41:02 / All) skyz: how fucking hard is it to use bats....
(41:06 / All) rodwasntafk: me and teals army raped your guys 4 armies
(41:07 / All) rodwasntafk: easily
(41:08 / All) DealWitIt: Deal with it
(41:09 / All) rodwasntafk: u guys suck
(41:16 / All) skyz: no yelllow and purple suck
(41:21 / All) rodwasntafk: im posting this replay the "2v4" replay
(41:24 / All) skyz: dont even use their bats
(41:27 / All) StaIin: The mighty Stalin will always prevail. Do not let this upset you, it's simply the truth
(41:41 / All) TC-Hunter: lol go watch play back fag
(41:44 / All) StaIin: No need for denial, no need for tears
(41:53 / All) StaIin: Only a need for Marxist-Leninism and the great Soviet Union
(41:56 / All) rodwasntafk: tc-hunter is really familiar
(42:19 / All) Z3NSPIRIT.IV: i feel bad for u oj
(42:28 / All) DealWitIt: Why?
(42:30 / All) StaIin: Goodbye, my foes. May you rest well in your eternal graves, in your endless suffering
(42:35 / All) DealWitIt: He has as much of a chance to win as you do
(42:37 / All) Z3NSPIRIT.IV: u lost because of team mate
(42:44 / All) StaIin: Remember, do not fight the Russians in the winter as you have now done
(42:47 / All) Curren5y: i think were gunna win
(42:54 / All) StaIin: We have won, and by atrittion and sheer force of will
(42:54 / All) Z3NSPIRIT.IV: how
(42:58 / All) Z3NSPIRIT.IV: all u have is towers
(43:09 / Allies) Z3NSPIRIT.IV: pink?
(43:14 / All) rodwasntafk: r.i.p orange
(43:16 / Allies) Z3NSPIRIT.IV: wtf?
(43:20 / All) rodwasntafk: its a shame u had to do with a tker
(43:23 / Allies) Z3NSPIRIT.IV: what was that for?
(43:31 / Allies) StaIin: He works with my blessing, as he is one of my most loyal of comrades
(43:34 / All) DealWitIt: I have 14,000 gold my friend
(44:01 / All) StaIin: Any capable Czar would want you as a spy. Wonderful work
(44:13 / All) rodwasntafk: apologize blue
(44:21 / Allies) Z3NSPIRIT.IV: ?
(44:23 / All) rodwasntafk: for feeling empathy for orange
(44:23 / All) StaIin: Apologise for your earlier insolence against the mighty and glorious USSR
(44:33 / All) Z3NSPIRIT.IV: uh..
(44:37 / All) Z3NSPIRIT.IV: not really
(44:40 / All) StaIin: You insulted us early on, and surely that is only propaganda from your nation ... ?
(44:41 / All) Z3NSPIRIT.IV: all i have to do now
(44:43 / All) Z3NSPIRIT.IV: is sit back
(44:43 / All) rodwasntafk: is it empathy or sympathy
(44:50 / All) StaIin: If not, it is no concern of mine
(45:23 / All) rodwasntafk: standoff?
(45:29 / All) DealWitIt: yes, explain the rules
(45:39 / All) rodwasntafk: well is orange afk or here
(45:42 / All) rodwasntafk: we know blue is here
(45:49 / All) Curren5y: im here
(45:49 / All) rodwasntafk: orange u here?
(45:53 / All) Curren5y: werd
(45:54 / All) rodwasntafk: ok listen up everybody
(45:59 / All) StaIin: We have a proposition
(46:07 / All) StaIin: The Union does not wish to discriminate on everyone's chances
(46:09 / All) rodwasntafk: me, teal, and yellow are friends, blue and orange have equal chance at victory
(46:25 / All) rodwasntafk: we will kill ALL units, including OUR own, and leave one buidling on each side
(46:28 / All) rodwasntafk: person with best internet wins
(46:38 / All) Curren5y: haha
(46:39 / All) StaIin: All our equal in this mighty Russia, all are Friends. And so we offer you this
(46:40 / All) Curren5y: ok
(46:40 / All) rodwasntafk: sound fair?
(47:07 / All) rodwasntafk: i want you, blue, and you orange, to make this game last a week
(47:08 / All) StaIin: You should be glad to have the glorious Stalin to have graced this place
(47:17 / All) rodwasntafk: we have seen games last over 800 minutes
(47:22 / All) rodwasntafk: lets see it last over 5k minutes
(47:25 / All) Z3NSPIRIT.IV: pink
(47:28 / All) rodwasntafk: do not let us down
(47:28 / Allies) Z3NSPIRIT.IV: ur a faggot
(47:32 / All) Z3NSPIRIT.IV: so is ur teal friend
(47:33 / All) Curren5y: world record
(47:35 / All) rodwasntafk: "ur a faggot"- blue
(47:37 / All) rodwasntafk: lawl
(47:37 / All) StaIin: What a shame
(47:39 / All) Curren5y: longest game ever
(47:39 / All) DealWitIt: Lawl well
(47:42 / All) DealWitIt: Is that all he said?
(47:49 / All) rodwasntafk: "so is ur friend teal"
(47:49 / All) StaIin: So he departs, away from these promised lands of great and old
(48:02 / All) rodwasntafk: blue and red were pissed at rod for talking like that
(48:14 / All) DealWitIt: Okay orange left
(48:20 / All) DealWitIt: Which team you want to win?
(48:32 / All) Curren5y: i didnt elave fag
(48:35 / All) rodwasntafk: uh orange is still here
(48:43 / All) rodwasntafk: if ur asking "do we want to kill all those god damn towers"
(48:44 / All) rodwasntafk: i dont know
(48:48 / All) StaIin: United forever in friendship and labour
(48:49 / All) DealWitIt: I thought he tried to fool me
(48:57 / All) StaIin: Our mighty republics will ever endure.
(49:04 / All) Curren5y: i was sharing units, n00b
(49:10 / All) StaIin: Our great Soviet Union will live throughout the ages
(49:11 / All) DealWitIt: Please don't kill the glorious Soviet workers, friend
(49:23 / All) DealWitIt: The leaders of the rebellion have been purged
(49:26 / All) StaIin: The Dream of a people, their fortress secure
(49:33 / All) DealWitIt: Their memories have been blighted from the record books
(49:44 / All) DealWitIt: Indeed the events will now be forgotten themselves, or else
(49:52 / All) StaIin: Through the days dark and stormy where the great Lenin lead us
(50:03 / All) StaIin: Our eyes saw the great sun of freedom above
(50:13 / All) StaIin: and Stalin our leader with faith in the people
(50:23 / All) StaIin: Inspired us to build the land we love
(50:32 / All) DealWitIt: I'm mining from 7 gold mines
(50:35 / All) StaIin: We fought for the future, destroyed the invaders
(50:36 / All) DealWitIt: But I'm at high upkeep
(50:45 / All) StaIin: and brought to our homeland, the Laurels of fame
(50:53 / All) DealWitIt: Oh 9 expos
(50:56 / All) StaIin: Our glory will live in the memory of nations
(51:00 / All) DealWitIt: 9 gold mines lol
(51:05 / All) StaIin: and all generations will honour her name!
(51:14 / All) StaIin: Long live our Soviet Motherland!
(51:19 / All) StaIin: Built by the people's mighty hands!
(51:27 / All) StaIin: Long live our people, united and free!
(51:36 / All) StaIin: Strong in our friendship tried by fire,
(51:45 / All) StaIin: Long may our crimson flag inspired
(51:56 / All) StaIin: Let it lead from victory to victory!
(52:12 / All) Curren5y: alright, tabbin it, later fagz, get some pussy or something, its pretty fun
(52:20 / All) rodwasntafk: lawl
(52:23 / All) DealWitIt: Roger that, bro
(52:26 / All) StaIin: Of course, my comrade and brother in arms
(52:39 / All) rodwasntafk: i got laid
(52:42 / All) rodwasntafk: in mass effect 3
(52:43 / All) rodwasntafk: miranda
(52:44 / All) rodwasntafk: oh yea
(52:50 / Allies) StaIin: These are pagans. I am sorry, but they must die.
(52:57 / All) rodwasntafk: she got me good in the apartments
(53:00 / All) rodwasntafk: commons
(53:34 / All) rodwasntafk: tc vs lvl 7 bm
(55:18 / All) DealWitIt: We'll call it a draw
(55:33 / All) rodwasntafk: kevin love vs david lee, battle of the classy man
(55:37 / All) rodwasntafk: will resume another day
(56:44 / All) StaIin: In great victory of communism's ideal
(56:54 / All) StaIin: We will see our future of our dear land
(57:03 / All) DealWitIt: 12 gold mines
(57:06 / All) StaIin: And to the fluttering of our great red banner
(57:18 / All) StaIin: Selflessly true. We shall always stand!
(58:32 / All) rodwasntafk: i feel like watchign ninja turtles
(58:36 / All) rodwasntafk: the original movies
(58:43 / All) DealWitIt: Wax on, wax off
(58:46 / All) DealWitIt: Wax on, wax off
(58:49 / All) rodwasntafk: leonardo was pro
(58:53 / All) DealWitIt: One more game?
(58:58 / All) DealWitIt: All about Raphael son
(59:02 / All) rodwasntafk: i have to go to bed after this
(59:23 / All) DealWitIt: You "HAVE" to?
(59:24 / All) StaIin: Long live our Soviet motherland!
(59:36 / All) rodwasntafk: ill be grounded if i dont cant use xbox 360 or pc
(59:46 / All) DealWitIt: This is a risk you should take
(60:29 / All) DealWitIt: cheater
(61:36 / All) DealWitIt: Why is it not a good idea to gamble in Africa?
(61:42 / All) rodwasntafk: why not?
(61:46 / All) StaIin: Because it's not the glorious Soviet Union!
(61:46 / All) DealWitIt: There's too many cheetahs
(61:55 / All) rodwasntafk: 7/10
(62:06 / All) StaIin: And why would you be anywhere but our great Soviet motherland?
(62:16 / All) DealWitIt: A ham sandwich walks into a bar and orders a drink
(62:23 / All) DealWitIt: The bartender says, "No, we don't serve food here"
(62:27 / All) StaIin: In peace and war, Stalin is the most fair and noble of rulers. And so, you should not want to be under any other, because you
(62:30 / All) StaIin: could be under the best!
(63:12 / All) rodwasntafk: only joke i know is ur mom is like a gas station you pay and then you pump
(63:38 / Allies) StaIin: These workers, they were a disgrace to the Union! And so now they're dead, and the Union is better!
(64:22 / All) rodwasntafk: cant beat voodoo noob
(65:04 / All) rodwasntafk: why u clapping on ground
(65:17 / All) DealWitIt: he heard the clinking of coins
(65:28 / All) StaIin: Because the mountain giant presses his foot on the Soviet mountains, and feels their warmth, their greatness
(65:44 / All) StaIin: For is any other mountain more sublime?
(66:28 / All) DealWitIt: GUESS THEY DON'T WANT TO SELL WAND OF WIND